 Dungeon Crawl Stone Soup version 0.28.0-47-ge53b351184 (webtiles) character file.

Game seed: 17376055045549459605

5 Gabide the Grave Robber (level 1, -3/14 HPs)
             Began as a Mummy Necromancer on May 6, 2022.
             Slain by a gnoll
             ... wielding a +0 flail
              (5 damage)
             ... on level 1 of the Dungeon.
             The game lasted 00:00:39 (413 turns).

Gabide the Grave Robber (Mummy Necromancer)          Turns: 413, Time: 00:00:40

Health: -3/14      AC:  2    Str: 11    XL:     1   Next: 66%
Magic:  1/4        EV: 12    Int: 14    God:
Gold:   24         SH:  0    Dex: 12    Spells: 4/5 levels left

rFire   x . .      SeeInvis .   (no weapon)
rCold   + . .      Faith    .   (no shield)
rNeg    + + +      Spirit   .   a - +0 robe
rPois   ∞          Reflect  .   (no helmet)
rElec   .          Harm     .   (no cloak)
rCorr   .          Rampage  .   (no gloves)
Will    .....                   (no boots)
Stlth   ++........              (no amulet)
HPRegen 0.04/turn               (no ring)
MPRegen 0.09/turn               (no ring)

@: no status effects
A: cold resistance 1, negative energy resistance 3, torment resistance 2, heat
vulnerability 1, no potions
a: no special abilities


You were on level 1 of the Dungeon.
You visited 1 branch of the dungeon, and saw 1 of its levels.

You collected 24 gold pieces.

Inventory:

Armour
 a - a +0 robe (worn)
Scrolls
 b - 3 scrolls of teleportation {unknown}


   Skills:
 * Level 0.4 Fighting
 * Level 1.7 Dodging
 - Level 1.5 Stealth
 * Level 0.0 Unarmed Combat
 * Level 2.8 Spellcasting
 * Level 4.0 Necromancy


You had 4 spell levels left.
You knew the following spells:

 Your Spells              Type           Power      Damage    Failure   Level
a - Pain                  Necr           52%        1d6       4%          1

Your spell library contained the following spells:

 Spells                   Type           Power      Damage    Failure   Level
 Animate Skeleton         Necr           26%        N/A       4%          1
 Vampiric Draining        Necr           13%        2d6       12%         3
 Animate Dead             Necr           6%         N/A       38%         4
 Agony                    Necr           13%        N/A       75%         5


Dungeon Overview and Level Annotations

Branches:
Dungeon (1/15)

Altars:


Innate Abilities, Weirdness & Mutations

You are immune to poison.
Your flesh is cold resistant. (rC+)
You are immune to negative energy. (rN+++)
You are immune to unholy pain and torment.
You are vulnerable to heat. (rF-)
You do not drink.


Message History

b - 3 scrolls labelled ADOUPSYQ CELE (gained 1)
Found a stone staircase leading down.
A bat comes into view.
A bat is nearby!
The bat barely resists.
The bat misses you.
The bat writhes in agony.
The bat hits you but does no damage. The bat misses you.
The bat writhes in agony.
You kill the bat!
A gnoll comes into view. It is wielding a +0 flail.
A gnoll is nearby!
You can't see any susceptible monsters within range! (Use Z to cast anyway.)
A gnoll is nearby!
A gnoll is nearby!
The gnoll shouts!
The gnoll writhes in agony.
A ball python comes into view.
The gnoll writhes in agony.
The ball python hisses angrily.
The gnoll writhes in agony.
The gnoll barely resists.
You are too depleted to draw on your mana recklessly!
You are too depleted to draw on your mana recklessly!
You closely miss the gnoll.
The gnoll is heavily wounded.
The gnoll closely misses you.
You closely miss the gnoll.
The gnoll is heavily wounded.
The gnoll barely misses you.
You barely miss the gnoll.
The gnoll is heavily wounded.
The gnoll misses you.
You hit the gnoll.
The gnoll is severely wounded.
The gnoll hits you with a +0 flail!
Ouch! That really hurt!
* * * LOW HITPOINT WARNING * * *
You are too injured to fight recklessly!
The gnoll hits you with a +0 flail.
You die...

#.# #.##
#.#######.# .
#...........P
#.#..####...
#....####.# .
##.#.#... P..
#.#.#.###.....
#.###.>.g.......PP
#......@#.###.....
#..######.# ##. ..
#.# #.# ..# ###


You could see a gnoll.

Vanquished Creatures
  A bat (D:1)
  A goblin (D:1)
  A kobold (D:1)
  A frilled lizard (D:1)
  A rat (D:1)
5 creatures vanquished.

Notes
Turn   | Place    | Note
-------+----------+-------------------------------------------
     0 | D:1      | Gabide the Mummy Necromancer began the quest for the Orb.
     0 | D:1      | Reached XP level 1. HP: 13/13 MP: 4/4
   413 | D:1      | Slain by a gnoll

Illustrated notes

Levels and vault maps discovered:
D:1:      lightli_arrival_lavapool, layout_loops_ring,
          ebering_ecumenical_altar_webs, nicolae_grassy_gnolls

Action                   || total
-------------------------++-------
Melee: Unarmed           ||     4
 Cast: Pain              ||    13
Armor: Robe              ||     1
Dodge: Dodged            ||     5
